 Dungeon Crawl Stone Soup version 0.25-a0-949-gdd2af9e06e (webtiles) character file.

Game seed: 10960123563947121310, levelgen mode: deterministic

301 Chiseanne the Skirmisher (level 6, 0/52 HPs)
             Began as a Demonspawn Wanderer on May 8, 2020.
             Slain by a quokka (3 damage)
             ... on level 3 of the Dungeon.
             The game lasted 00:03:04 (2365 turns).

Chiseanne the Skirmisher (Demonspawn Wanderer)      Turns: 2365, Time: 00:03:04

Health: 0/52       AC:  5    Str: 15    XL:     6   Next: 14%
Magic:  7/7        EV: 14    Int: 13    God:
Gold:   74         SH:  0    Dex: 14    Spells: 5/5 levels left

rFire    . . .     SeeInvis .   a - +1 short sword (speed)
rCold    . . .     Gourm    .   (no shield)
rNeg     . . .     Faith    .   d - +1 robe
rPois    +         Spirit   .   (no helmet)
rElec    .         Reflect  .   (no cloak)
rCorr    .         Harm     .   (no gloves)
MR       .....                  (no boots)
Stlth    +.........             (no amulet)
HPRegen  0.17/turn              k - ring of poison resistance
MPRegen  0.10/turn              (no ring)

@: no status effects
A: claws 2, iridescent scales 1, agile 1, high mp 1, poison resistance
a: no special abilities


You were on level 3 of the Dungeon.
You were hungry.

You visited 1 branch of the dungeon, and saw 3 of its levels.

You collected 74 gold pieces.

Inventory:

Hand Weapons
 a - a +1 short sword of speed (weapon)
 o - a +2 vorpal scythe
Missiles
 e - 35 stones (quivered)
 h - 57 arrows
Armour
 d - a +1 robe (worn)
Jewellery
 k - a ring of poison resistance (left claw)
Scrolls
 i - a scroll of blinking
Potions
 b - a potion of lignification
 c - 6 potions of curing
 g - 2 potions of mutation
 j - a potion of heal wounds
Comestibles
 f - 5 rations
 m - 4 chunks of flesh


   Skills:
 * Level 6.0 Fighting
   Level 1.7 Axes
 - Level 1.0 Armour
 * Level 4.0 Dodging
   Level 1.0 Shields
   Level 1.0 Evocations


You had 5 spell levels left.
You didn't know any spells.
Your spell library was empty.

Dungeon Overview and Level Annotations

Branches:
Dungeon (3/15)

Altars:
Fedhas
Trog


Innate Abilities, Weirdness & Mutations

You have very sharp fingernails.
You are partially covered in iridescent scales. (AC +2)
You are agile. (Dex +2)
You have an increased reservoir of magic. (+10% MP)
Your system is resistant to poisons. (rPois)


Message History

The orc hits you with a +0 trident.
* * * LOW HITPOINT WARNING * * *
The orc misses you.
You hit the orc but do no damage.
The orc is heavily wounded.
The quokka bites you but does no damage.
You closely miss the orc.
The orc is heavily wounded.
The orc hits you with a +0 trident.
* * * LOW HITPOINT WARNING * * *
The quokka closely misses you. The orc hits you but does no damage.
You hit the orc.
The orc is severely wounded.
The quokka barely misses you. The orc barely misses you.
The orc closely misses you.
You hit the orc.
You kill the orc!
Your Fighting skill increases to level 6!
The quokka bites you.
You die...

********#.##.,,,,,,,*
#.#.,,***,,,*
#.#.,**,**,,*******
#..#,*,_,*,*,,,,,,,
#..#,,,,,,,*******,
#..#*,,,,,**,,,,,*,
#..#**,,,*******+*,
#r)# ****** *,,,,
#o@# *,* *,,,,
#..######,*** *...,
#........,,,* *#.#,
####.########### #.#,
#...........)..# #.#,
#.#..........#.# #.#,
#,##########.#.# #.#.
*,* #.#.# #.#. *,*
#.#รท####.#.


You could see an orc and a quokka.

Vanquished Creatures
  Sigmund (D:2)
  An ogre (D:2)
  An adder (D:2)
  An ooze (D:1)
  A worm (D:2)
  A dart slug (D:1)
  A leopard gecko (D:2)
  3 orcs (D:3)
  4 giant cockroaches
  7 hobgoblins
  2 jackals (D:2)
  A bat (D:2)
  2 frilled lizards
  6 goblins
  2 kobolds (D:1)
  5 rats
39 creatures vanquished.

Notes
Turn   | Place    | Note
-------+----------+-------------------------------------------
     0 | D:1      | Chiseanne the Demonspawn Wanderer began the quest for the
                  | Orb.
     0 | D:1      | Chiseanne set off with the following items: a +2 hand axe,
                  | a potion of lignification, a potion of curing, a +0 robe, a
                  | ration
     0 | D:1      | Reached XP level 1. HP: 19/19 MP: 1/1
   436 | D:1      | Gained mutation: You have sharp fingernails. [demonic
                  | ancestry]
   436 | D:1      | Reached XP level 2. HP: 22/25 MP: 2/2
  1262 | D:2      | Reached XP level 3. HP: 29/31 MP: 3/3
  1333 | D:2      | Noticed an ogre
  1334 | D:2      | Gained mutation: Your system is resistant to poisons.
                  | (rPois) [potion of mutation]
  1334 | D:2      | Gained mutation: You are agile. (Dex +2) [potion of
                  | mutation]
  1334 | D:2      | Gained mutation: You have an increased reservoir of magic.
                  | (+10% MP) [potion of mutation]
  1358 | D:2      | Killed an ogre
  1358 | D:2      | Reached skill level 5 in Fighting
  1358 | D:2      | Gained mutation: You have very sharp fingernails. [demonic
                  | ancestry]
  1358 | D:2      | Reached XP level 4. HP: 16/39 MP: 5/5
  1717 | D:2      | Found a blossoming altar of Fedhas.
  1732 | D:2      | Noticed Sigmund
  1757 | D:2      | Killed Sigmund
  1757 | D:2      | Reached XP level 5. HP: 24/46 MP: 6/6
  1757 | D:2      | Gained mutation: You are partially covered in iridescent
                  | scales. (AC +2) [demonic ancestry]
  1757 | D:2      | Reached XP level 6. HP: 27/52 MP: 7/7
  2077 | D:2      | Found a bloodstained altar of Trog.
  2365 | D:3      | Reached skill level 6 in Fighting
  2365 | D:3      | Slain by a quokka

Levels and vault maps discovered:
D:1:      lightli_arrival_maybe_door_vault, layout_loops_ring,
          minmay_pentomino_x4
D:2:      layout_loops_cross, fedhas_altar_2, lemuel_crystal_altar,
          first_ration, minmay_misc_feat_alley, minmay_statues_item,
          guppyfry_early_lair_pool, uniq_sigmund
D:3:      layout_basic, nicolae_dithmenos_through_a_glass_darkly

Skill      XL: |  1  2  3  4  5  6 |
---------------+-------------------+-----
Dodging        | 2 3 4 |  4.0
Fighting       | 5 6 |  6.0
Axes           | |  1.7
Armour         | |  1.0
Shields        | |  1.0
Evocations     | |  1.0

Action                   |  1- 3 |  4- 6 || total
-------------------------+-------+-------++-------
Melee: Hand axe          |    22 |       ||    22
       Short sword       |    67 |    88 ||   155
  Use: Scroll            |     4 |     3 ||     7
       Potion            |     1 |       ||     1
 Stab: Distracted        |       |     1 ||     1
  Eat: Chunk             |     1 |     3 ||     4
Armor: Robe              |    16 |    13 ||    29
Dodge: Dodged            |    44 |    59 ||   103

Table legend:
 A = Non-vault XP
 B = Vault XP
 C = Vault XP percentage of total XP
 D = Non-vault monster count
 E = Vault monster count
 F = Vault count percentage of total count
                 A         B        C        D         E       F
            +---------+---------+-------+---------+---------+-------
      Total |     201 |     229 |  53.3 |      34 |       5 |  12.8
            +---------+---------+-------+---------+---------+-------
        D:1 |      12 |       9 |  42.9 |       5 |       4 |  44.4
        D:2 |     174 |     220 |  55.8 |      23 |       1 |   4.2
        D:3 |      15 |       0 |   0.0 |       6 |       0 |   0.0
            +---------+---------+-------+---------+---------+-------
